 Dungeon Crawl Stone Soup version 0.30.1-11-g7821555f0a (webtiles) character file.

Game seed: 7437478864694118841

207 KittyFluff the Cudgeller (level 5, -7/33 HPs)
             Began as a Gargoyle Berserker on Nov 6, 2023.
             Was a Believer of Trog.
             Mangled by a gnoll
             ... wielding a +2 halberd of freezing
              (10 damage)
             ... on level 3 of the Dungeon.
             The game lasted 00:08:48 (1692 turns).

KittyFluff the Cudgeller (Gargoyle Berserker)       Turns: 1692, Time: 00:08:49

Health: -7/33      AC: 19    Str: 20 (23) XL:     5   Next: 85%
Magic:  5/5        EV: 11    Int:  7      God:    Trog [**....]
Gold:   118        SH:  0    Dex:  9      Spells: 4/4 levels left

rFire   . . .        p - +2 flail (protect)
rCold   + . .        (no shield)
rNeg    + . .        k - +0 leather armour
rPois   ∞            (no helmet)
rElec   +            q - +0 cloak
rCorr   .            n - +1 Delatra's gloves {ID++}
SInv    .            b - +0 pair of boots
Will    .....        (no amulet)
Stlth   +            d - ring of protection from cold
HPRegen 0.25/turn    (no ring)
MPRegen 0.09/turn

%: no passive effects
@: under a protective aura
A: sickness immunity, AC +4, negative energy resistance 1, electricity
resistance, torment resistance 1, petrification resistance
a: Renounce Religion, Berserk, Trog's Hand


You were on level 3 of the Dungeon.
You worshipped Trog.
Trog was pleased with you.
You visited 1 branch of the dungeon, and saw 3 of its levels.

You collected 118 gold pieces.

Inventory:

Hand Weapons
 c - a +3 quarterstaff of chaos
 j - a +0 sling
 p - a +2 flail of protection (weapon)
Armour
 b - a +0 pair of boots (worn)
 k - a +0 leather armour (worn)
 n - the +1 Delatra's gloves (worn) {ID++}
   (You found it on level 2 of the Dungeon)

   ID++:      It heals its wearer when they drink unknown potions, and restores
   their MP when they read unknown scrolls.
 q - a +0 cloak (worn)
Jewellery
 d - a ring of protection from cold (left hand)
 l - a ring of protection from fire
Scrolls
 a - a scroll of vulnerability {unknown}
 e - 2 scrolls of teleportation
 h - a scroll of fear {unknown}
Potions
 f - 2 potions of haste
 g - 3 potions of might
 i - a potion of mutation
 m - a potion of magic
 o - a potion of curing {unknown}


   Skills:
 + Level 4.2 Fighting
 * Level 4.5 Maces & Flails
 * Level 4.4 Armour
 - Level 1.5 Dodging


You had 4 spell levels left.
You didn't know any spells.
Your spell library was empty.

Dungeon Overview and Level Annotations

Branches:
Dungeon (3/15)

Altars:


Innate Abilities, Weirdness & Mutations

You are immune to sickness and miasma.
Your stone body is resilient. (AC +4)
You are immune to poison.
You resist negative energy. (rN+)
You are resistant to electric shocks. (rElec)
You are resistant to unholy torment.
You are immune to petrification.


Message History

The plant is lightly damaged.
A nearby plant withers and dies.
There is an open door here.
A gnoll comes into view. It is wielding a +0 spear.
A gnoll comes into view.
It is wielding a +2 halberd of freezing.
There is a fountain of clear blue water here.
There is an open door here.
The gnoll barely misses you. The gnoll closely misses you.
The gnoll hits you with a +0 spear.
You hit the gnoll.
Your weapon exudes an aura of protection.
The gnoll is moderately wounded.
The gnoll hits you from afar with a +2 halberd of freezing.
The gnoll barely misses you.
You closely miss the gnoll.
The gnoll is moderately wounded.
The gnoll misses you. The gnoll hits you but does no damage.
You barely miss the gnoll.
The gnoll is moderately wounded.
The gnoll barely misses you. The gnoll closely misses you.
You hit the gnoll.
The gnoll is severely wounded.
The gnoll barely misses you. The gnoll hits you with a +0 spear!
The gnoll misses you. The gnoll hits you but does no damage.
The gnoll hits you from afar with a +0 spear.
The gnoll hits you from afar with a +2 halberd of freezing!
The gnoll freezes you. The gnoll hits you but does no damage.
You hit the gnoll.
You kill the gnoll!
Trog accepts your kill. The gnoll barely misses you.
The gnoll hits you with a +2 halberd of freezing!
* * * LOW HITPOINT WARNING * * *
The gnoll freezes you.
* * * LOW HITPOINT WARNING * * *
You see here a +0 spear.
You thump the gnoll!
The gnoll is heavily wounded.
The gnoll hits you with a +2 halberd of freezing!
You die...

♣PP...PP♣ #... ♣♣PP.PP♣♣
#... ♣♣♣g♣♣♣♣# #...
♣.♣♣..# ... #.....# #♣♣♣
♣.. ####g...##♣P.♣♣♣♣.
#..'....'.....P♣♣.
#g##....##♣♣PP.P♣.
#@##....# ♣♣♣♣♣..
#.##....# #.....
#######.###########.....
#..........#.........#'#
#..........'.........#.#
#..........#.........#.#
#..........#.........#.#
#..........#############
#♣.P♣♣.....#


You could see a gnoll.

Vanquished Creatures
  A scorpion (D:3)
  Crazy Yiuf (D:3)
  Terence (D:2)
  An orc wizard (D:2)
  A gnoll (D:3)
  An adder (D:2)
  2 worms (D:2)
  3 orcs (D:2)
  6 ball pythons
  4 endoplasms
  3 goblins
  A hobgoblin (D:2)
  4 jackals (D:1)
  3 kobolds
  5 quokkas
  2 bats
  2 frilled lizards
  3 rats
44 creatures vanquished.

Notes
Turn   | Place    | Note
-------+----------+-------------------------------------------
     0 | D:1      | KittyFluff the Gargoyle Berserker began the quest for the
                  | Orb.
     0 | D:1      | Reached XP level 1. HP: 14/14 MP: 1/1
   140 | D:1      | Reached XP level 2. HP: 19/19 MP: 2/2
   644 | D:2      | Reached XP level 3. HP: 23/23 MP: 3/3
   861 | D:2      | Reached ** piety under Trog
   862 | D:2      | Reached XP level 4. HP: 16/29 MP: 4/4
   939 | D:2      | Found the +1 Delatra's gloves {ID++}
  1154 | D:2      | Noticed Terence
  1168 | D:2      | Killed Terence
  1425 | D:3      | Noticed a scorpion
  1442 | D:3      | Killed a scorpion
  1443 | D:3      | Reached XP level 5. HP: 32/33 MP: 5/5
  1534 | D:3      | Found a runed translucent door.
  1535 | D:3      | Noticed Crazy Yiuf
  1547 | D:3      | Killed Crazy Yiuf
  1692 | D:3      | Mangled by a gnoll

Illustrated notes

Levels and vault maps discovered:
D:1:      spicycebolla_arrival_xxxplode, layout_rooms
D:2:      layout_rooms, hex_medium, pf_guarded_unrand_delatra, uniq_terence
D:3:      layout_basic, serial_forest, infiniplex_forest_corner_1,
          infiniplex_forest_clump_diagonal, infiniplex_forest_fountain,
          infiniplex_forest_end_1, infiniplex_forest_end_1,
          infiniplex_forest_end_2, infiniplex_forest_lined_corner,
          infiniplex_forest_straight_1, infiniplex_forest_fountain,
          hangedman_abyss_or_decor_lesser_grid, kennysheep_cluttered_room,
          uniq_crazy_yiuf_cottage, uniq_natasha

Skill      XL: |  1  2  3  4 |
---------------+-------------+-----
Armour         | 3 4 |  4.4
Maces & Flails | 4 |  4.5
Fighting       | 4 |  4.2
Dodging        | |  1.5

Action                     |  1- 3 |  4- 6 || total
---------------------------+-------+-------++-------
  Melee: Mace              |   113 |    32 ||   145
         Punch             |     1 |       ||     1
         Flail             |       |    47 ||    47
 Invoke: Berserk           |     1 |     1 ||     2
    Use: Scroll            |     1 |     4 ||     5
         Potion            |       |     1 ||     1
 Armour: Animal skin       |    26 |       ||    26
         Leather armour    |    17 |    21 ||    38
  Dodge: Dodged            |    67 |    46 ||   113
